 Dungeon Crawl Stone Soup version 0.26-a0-20-g5f92b90 (webtiles) character file.

Game seed: 7344847144524895012, levelgen mode: deterministic

259 thirtiethelement the Skirmisher (level 6, 0/53 HPs)
             Began as a Gnoll Abyssal Knight on May 26, 2020.
             Was a Believer of Lugonu.
             Slain by an ogre
             ... wielding a +0 giant spiked club
              (24 damage)
             ... on level 3 of the Dungeon.
             The game lasted 00:15:02 (3434 turns).

thirtiethelement the Skirmisher (GnAK)              Turns: 3434, Time: 00:15:02

Health: 0/53       AC:  6    Str: 17    XL:     6   Next: 17%
Magic:  9/9        EV: 13    Int: 14    God:    Lugonu [**....]
Gold:   271        SH:  0    Dex: 14    Spells: 8/8 levels left

rFire    + . .     SeeInvis .   a - +1 spear
rCold    . . .     Gourm    .   (no shield)
rNeg     . . .     Faith    .   d - +2 leather armour {rF+}
rPois    +         Spirit   .   (no helmet)
rElec    .         Reflect  .   (no cloak)
rCorr    +         Harm     .   (no gloves)
MR       .....                  l - +0 pair of boots
Stlth    ++........             (no amulet)
HPRegen  0.17/turn              g - ring of resist corrosion
MPRegen  0.11/turn              c - ring of poison resistance

@: no status effects
A: distributed training, fangs 1, strong nose
a: Depart the Abyss, Bend Space, Renounce Religion


You were on level 3 of the Dungeon.
You worshipped Lugonu.
Lugonu was pleased with you.
You were not hungry.

You visited 1 branch of the dungeon, and saw 4 of its levels.
You visited the Abyss 1 time.

You collected 271 gold pieces.

Inventory:

Hand Weapons
 a - a +1 spear (weapon)
Missiles
 k - 3 boomerangs (quivered)
Armour
 b - a +1 leather armour
 d - a +2 leather armour of fire resistance (worn)
 l - a +0 pair of boots (worn)
Jewellery
 c - a ring of poison resistance (right hand)
 g - a ring of resist corrosion (left hand)
Scrolls
 e - 3 scrolls of identify
 n - 6 scrolls of remove curse
Potions
 h - a potion of might {unknown}
 i - 2 potions of curing {unknown}
 j - a potion of ambrosia {unknown}
 m - 2 potions of flight {unknown}
 o - a potion of degeneration {unknown}
Comestibles
 f - a ration


   Skills:
 + Level 6.8 Fighting
 + Level 1.8 Short Blades
 + Level 1.8 Long Blades
 + Level 1.8 Axes
 + Level 1.8 Maces & Flails
 + Level 4.9 Polearms
 + Level 1.8 Staves
 + Level 1.8 Slings
 + Level 1.8 Bows
 + Level 1.8 Crossbows
 + Level 1.8 Throwing
 + Level 4.9 Armour
 + Level 3.1 Dodging
 + Level 1.8 Stealth
 + Level 1.8 Shields
 + Level 1.8 Unarmed Combat
 + Level 1.8 Spellcasting
 + Level 1.4 Conjurations
 + Level 1.4 Hexes
 + Level 1.4 Charms
 + Level 1.4 Summonings
 + Level 1.4 Necromancy
 + Level 1.4 Translocations
 + Level 1.4 Transmutations
 + Level 1.4 Fire Magic
 + Level 1.4 Ice Magic
 + Level 1.4 Air Magic
 + Level 1.4 Earth Magic
 + Level 1.4 Poison Magic
 + Level 5.0 Invocations
 + Level 1.8 Evocations


You had 8 spell levels left.
You didn't know any spells.
Your spell library was empty.

Dungeon Overview and Level Annotations

Branches:
Dungeon (4/15)
 Temple: D:4-7

Altars:
Gozag
Qazlal

Annotations:
D:4 Menkaure


Innate Abilities, Weirdness & Mutations

Your experience applies equally to all skills.
You have very sharp teeth.
Your uncanny sense of smell can sniff out nearby items.


Message History

You climb upwards.
There is a stone staircase leading down here.
You hit the gnoll but do no damage. The gnoll completely misses you.
The gnoll hits you with a +0 spear.
You hit the gnoll.
The gnoll is lightly wounded.
The ogre closely misses you. The gnoll closely misses you.
The gnoll hits you with a +0 spear.
You puncture the gnoll! You bite the gnoll, but do no damage.
The gnoll is severely wounded.
The gnoll closely misses you. The gnoll hits you with a +0 spear.
You closely miss the gnoll.
The gnoll is severely wounded.
The ogre hits you with a +0 giant spiked club!!
You hit the gnoll. You bite the gnoll.
You kill the gnoll!
Lugonu accepts your kill. The gnoll barely misses you.
The ogre hits you with a +0 giant spiked club!!
You die...

# # ##### # #...#
############ #
###.#.###..........#
###...#..........≈≈≈.#
'.#.######.......≈?≈.#
#.#......#.......≈≈≈.#
#.##.#.#.#.#####O)...#
#....#.#.......#@#..##
######...####...g..##
#.............#
#####...#######...###
##....#######.##.....#
.'....'.....#.....##.#
##....#####.#.....##.#
#..).# #<#........#
##....# #....#######


You could see an ogre and a gnoll.

Vanquished Creatures
  An eye of draining (Abyss:2)
  Ijyb (D:3)
  A worker ant (D:4)
  5 adders
  A gnoll (D:3)
  A white imp (D:1)
  2 dart slugs
  2 leopard geckos
  4 orcs (D:3)
  2 ball pythons
  2 giant cockroaches
  3 goblins
  5 hobgoblins
  2 jackals (D:1)
  3 quokkas
  7 bats
  9 kobolds
  9 rats
60 creatures vanquished.

Notes
Turn   | Place    | Note
-------+----------+-------------------------------------------
     0 | Abyss:1  | thirtiethelement the Gnoll Abyssal Knight began the quest
                  | for the Orb.
     0 | Abyss:1  | Reached XP level 1. HP: 23/23 MP: 3/3
    98 | Abyss:2  | Noticed an eye of draining
   123 | Abyss:2  | Killed an eye of draining
   123 | Abyss:2  | Reached skill level 1 in Short Blades
   123 | Abyss:2  | Reached skill level 1 in Long Blades
   123 | Abyss:2  | Reached skill level 1 in Axes
   123 | Abyss:2  | Reached skill level 1 in Maces & Flails
   123 | Abyss:2  | Reached skill level 1 in Staves
   123 | Abyss:2  | Reached skill level 1 in Slings
   123 | Abyss:2  | Reached skill level 1 in Bows
   123 | Abyss:2  | Reached skill level 1 in Crossbows
   123 | Abyss:2  | Reached skill level 1 in Throwing
   123 | Abyss:2  | Reached skill level 1 in Stealth
   123 | Abyss:2  | Reached skill level 1 in Shields
   123 | Abyss:2  | Reached skill level 1 in Unarmed Combat
   123 | Abyss:2  | Reached skill level 1 in Spellcasting
   123 | Abyss:2  | Reached skill level 1 in Evocations
   123 | Abyss:2  | Reached XP level 2. HP: 24/29 MP: 0/5
   123 | Abyss:2  | Reached XP level 3. HP: 29/35 MP: 0/6
   123 | Abyss:2  | Reached XP level 4. HP: 34/41 MP: 0/7
   129 | D:1      | Escaped the Abyss
   139 | D:1      | Reached skill level 1 in Conjurations
   139 | D:1      | Reached skill level 1 in Hexes
   139 | D:1      | Reached skill level 1 in Charms
   139 | D:1      | Reached skill level 1 in Summonings
   139 | D:1      | Reached skill level 1 in Necromancy
   139 | D:1      | Reached skill level 1 in Translocations
   139 | D:1      | Reached skill level 1 in Transmutations
   139 | D:1      | Reached skill level 1 in Fire Magic
   139 | D:1      | Reached skill level 1 in Ice Magic
   139 | D:1      | Reached skill level 1 in Air Magic
   139 | D:1      | Reached skill level 1 in Earth Magic
   139 | D:1      | Reached skill level 1 in Poison Magic
  1061 | D:1      | Reached XP level 5. HP: 46/47 MP: 8/8
  1144 | D:1      | Reached ** piety under Lugonu
  1396 | D:2      | You fall into a shaft and drop 1 floor!
  1397 | D:3      | Noticed a fire elemental
  1397 | D:3      | Noticed a water elemental
  1711 | D:3      | Found a stormy altar of Qazlal.
  1712 | D:3      | Noticed an air elemental
  2598 | D:3      | Noticed Ijyb
  2600 | D:3      | Paralysed by Ijyb for 3 turns
  2612 | D:3      | Paralysed by Ijyb for 6 turns
  2640 | D:3      | Killed Ijyb
  2818 | D:3      | Found an opulent altar of Gozag.
  3136 | D:4      | Reached skill level 5 in Invocations
  3136 | D:4      | Reached XP level 6. HP: 53/53 MP: 9/9
  3142 | D:4      | Noticed Menkaure
  3434 | D:3      | Slain by an ogre

Illustrated notes

Levels and vault maps discovered:
D:1:      minmay_arrival_split_and_join, layout_basic
D:2:      layout_loops_ring, first_ration
D:3:      layout_basic, nicolae_qazlal_style_of_elements,
          nicolae_gozag_cash_rules_everything_around_me,
          corexii_item_surrounded_by_moat, uniq_ijyb
D:4:      layout_cave_pools, lemuel_doored_altar, serial_shops,
          nicolae_shop_trees, shop, shop, minivault_11, uniq_menkaure

Skill      XL: |  1  2  3  4  5 |
---------------+----------------+-----
Short Blades   | 1 |  1.8
Long Blades    | 1 |  1.8
Axes           | 1 |  1.8
Maces & Flails | 1 |  1.8
Staves         | 1 |  1.8
Slings         | 1 |  1.8
Bows           | 1 |  1.8
Crossbows      | 1 |  1.8
Throwing       | 1 |  1.8
Stealth        | 1 |  1.8
Shields        | 1 |  1.8
Unarmed Combat | 1 |  1.8
Spellcasting   | 1 |  1.8
Evocations     | 1 |  1.8
Conjurations   | 1 |  1.4
Hexes          | 1 |  1.4
Charms         | 1 |  1.4
Summonings     | 1 |  1.4
Necromancy     | 1 |  1.4
Translocations | 1 |  1.4
Transmutations | 1 |  1.4
Fire Magic     | 1 |  1.4
Ice Magic      | 1 |  1.4
Air Magic      | 1 |  1.4
Earth Magic    | 1 |  1.4
Poison Magic   | 1 |  1.4
Dodging        | 3 |  3.1
Invocations    | 5 |  5.0
Fighting       | |  6.8
Polearms       | |  4.9
Armour         | |  4.9

Action                   |  1- 3 |  4- 6 || total
-------------------------+-------+-------++-------
Melee: Spear             |    22 |   210 ||   232
       Bite              |     1 |    21 ||    22
       Punch             |       |     1 ||     1
  Use: Scroll            |     2 |     7 ||     9
       Potion            |       |     1 ||     1
 Stab: Sleeping          |       |     7 ||     7
       Distracted        |       |     1 ||     1
  Eat: Ration            |       |     3 ||     3
Armor: Leather armour    |       |    58 ||    58
Dodge: Dodged            |       |   133 ||   133

Table legend:
 A = Non-vault XP
 B = Vault XP
 C = Vault XP percentage of total XP
 D = Non-vault monster count
 E = Vault monster count
 F = Vault count percentage of total count
                 A         B        C        D         E       F
            +---------+---------+-------+---------+---------+-------
      Total |     336 |      35 |   9.4 |      59 |       1 |   1.7
            +---------+---------+-------+---------+---------+-------
        D:1 |      45 |       0 |   0.0 |      25 |       0 |   0.0
        D:2 |      75 |       0 |   0.0 |      15 |       0 |   0.0
        D:3 |      55 |      35 |  38.9 |      17 |       1 |   5.6
        D:4 |      34 |       0 |   0.0 |       1 |       0 |   0.0
    Abyss:2 |     127 |       0 |   0.0 |       1 |       0 |   0.0
            +---------+---------+-------+---------+---------+-------
